 Dungeon Crawl Stone Soup version 0.22-a0-136-g83a10e5 (webtiles) character file.

51 KristoblXynda the Slasher (level 3, 0/32 HPs)
             Began as a Naga Gladiator on Feb 4, 2018.
             Slain by a crimson imp (2 damage)
             ... on level 2 of the Dungeon.
             The game lasted 00:03:41 (1329 turns).

KristoblXynda the Slasher (Naga Gladiator)          Turns: 1329, Time: 00:03:42

Health: 0/32       AC:  4    Str: 16    XL:     3   Next: 83%
Magic:  3/3        EV:  9    Int:  9    God:
Gold:   30         SH:  0    Dex: 12    Spells: 2/2 levels left

rFire    . . .     SeeInvis +   a - +0 long sword
rCold    . . .     Gourm    .   (no shield)
rNeg     . . .     Faith    .   g - +0 ring mail
rPois    +         Spirit   .   c - +0 helmet
rElec    .         Reflect  .   (no cloak)
rCorr    .         Harm     .   (no gloves)
MR       .....                  (no barding)
Stlth    +.........             (no amulet)
HPRegen  0.10/turn              (no ring)
MPRegen  0.08/turn              (no ring)

@: very slightly contaminated, invisible, very slow
A: large, see invisible, deformed body, poison resistance, slowness 2, slow
metabolism 1, spit poison 1, AC +1
a: Spit Poison


You were on level 2 of the Dungeon.
You were not hungry.

You visited 1 branch of the dungeon, and saw 2 of its levels.

You collected 30 gold pieces.

Inventory:

Hand Weapons
 a - a +0 long sword (weapon)
Missiles
 d - 3 throwing nets (quivered)
Armour
 c - a +0 helmet (worn)
 g - a +0 ring mail (worn)
Jewellery
 b - an uncursed amulet of faith {unknown}
 j - an uncursed amulet of harm {unknown}
Scrolls
 e - a scroll of identify {unknown}
 h - a scroll of immolation {unknown}
 i - 2 scrolls of remove curse {unknown}
 k - a scroll of magic mapping {unknown}
 l - a scroll of enchant armour {unknown}
Comestibles
 f - 2 rations


   Skills:
 - Level 2.0 Fighting
 * Level 3.8 Long Blades
 - Level 2.1 Throwing
 + Level 2.8 Dodging
 + Level 1.8 Stealth


You had 2 spell levels left.
You didn't know any spells.

Dungeon Overview and Level Annotations

Branches:
Dungeon (2/15)

Altars:


Innate Abilities, Weirdness & Mutations

You cannot wear boots.
Your serpentine skin is tough. (AC +1)
You have supernaturally acute eyesight. (SInv)
Armour fits poorly on your strangely shaped body.
Your system is resistant to poisons. (rPois)
You cover ground very slowly.
You have a slow metabolism.
You can spit poison.


Message History

Okay, then.
It was a potion of invisibility.
You fade into invisibility!
The crimson imp barely misses you.
You are very lightly contaminated with residual magic.
You barely miss the crimson imp. The crimson imp closely misses you.
You slash the crimson imp!
The crimson imp is severely wounded.
The crimson imp barely misses you. The crimson imp hits you.
* * * LOW HITPOINT WARNING * * *
You closely miss the crimson imp.
The crimson imp is moderately wounded.
The crimson imp barely misses you.
You barely miss the crimson imp.
The crimson imp is moderately wounded.
The crimson imp closely misses you.
You closely miss the crimson imp.
The crimson imp is moderately wounded.
The crimson imp hits you.
You die...

... #.# #.. #.#
#.## # #..##
######...##
##.5.....†.##
#.@.#####...#
#....# #....# ##.#
#.#...#...#.# .h.#
#.##..#..##.#
#####.# ..
#######.## #.# #..
#..##..# #.# ...
#...#..#####
#####.# ###.
##...........
÷..##.#
...#####....######


You could see a crimson imp.

Vanquished Creatures
  An adder (D:2)
  An ooze (D:1)
  5 leopard geckos
  4 goblins (D:1)
  2 hobgoblins (D:1)
  8 jackals (D:2)
  3 bats
  4 frilled lizards
  2 kobolds
  A rat (D:1)
31 creatures vanquished.

Notes
Turn   | Place    | Note
-------+----------+-------------------------------------------
     0 | D:1      | KristoblXynda the Naga Gladiator began the quest for the Orb.
     0 | D:1      | Reached XP level 1. HP: 19/19 MP: 1/1
   304 | D:1      | Reached XP level 2. HP: 11/26 MP: 2/2
   624 | D:1      | Reached skill level 1 in Stealth
   663 | D:1      | Reached XP level 3. HP: 28/32 MP: 3/3
  1329 | D:2      | Slain by a crimson imp

Vault maps used:
D:1:      kilobyte_arrival_exit_the_forest
D:2:      roderic_malta_cross, serial_bayou_lagoon_b

Skill      XL: |  1  2 |
---------------+-------+-----
Throwing       | 2 |  2.1
Stealth        | 1 |  1.8
Fighting       | |  2.0
Long Blades    | |  3.8
Dodging        | |  2.8

Action                   || total
-------------------------++-------
Melee: Long sword        ||   149
 Abil: Spit Poison       ||     4
  Use: Potion            ||     1
  Eat: Ration            ||     1
       Chunk             ||     1
Armor: Ring mail         ||    75
       Leather armour    ||     1
Dodge: Dodged            ||    94
       Rpst.: Long sword ||    29

Table legend:
 A = Spawn XP
 B = Non-spawn XP
 C = Spawn XP percentage of total XP
 D = Spawn monster count
 E = Non-spawn monster count
 F = Spawn count percentage of total count
 G = Total turns spent on level
                    A         B        C        D         E        F      G
               +---------+---------+-------+---------+---------+-------+---------
         Total |       0 |      74 |   0.0 |       0 |      31 |   0.0 |  1329
               +---------+---------+-------+---------+---------+-------+---------
           D:1 |       0 |      39 |   0.0 |       0 |      18 |   0.0 |   940
           D:2 |       0 |      35 |   0.0 |       0 |      13 |   0.0 |   389
               +---------+---------+-------+---------+---------+-------+---------
